Map: Goldenaura LE

Players

SubN

  • Race: Zerg Zerg
  • League: Diamond
  • Spawn Location: 5:00

SidMeier - Winner!

  • Race: Protoss Protoss
  • Spawn Location: 12:00

VOD

Have the link to the VOD?

Description

Time

  • Played on: Dec. 21, 2023, 6:22 p.m.
  • Length: 5:53
Show
View Real Time Build Order
Export as new Build Order

SubN Zerg 

Build Orders: 3 Hatch before Pool 

Get SALT Encoding   

  12  0:00  Drone  
  13  0:12  Drone  
  14  0:19  Drone, Extractor  
  15  0:54  Hatchery  
  14  1:02  Hatchery  
  13  1:08  Drone  
  14  1:11  Extractor  
  14  1:12  Drone  
  15  1:27  Spawning Pool  
  14  1:34  Overlord  
  14  1:54  Drone x3  
  17  2:04  Drone  
  18  2:14  Queen  
  18  2:15  Queen  
  22  2:33  Queen  
  22  2:35  Drone x2  
  26  2:41  Overlord  
  26  2:49  Overlord  
  26  2:53  Zergling x2  
  26  2:54  Zergling x2  
  25  3:03  Zergling x6  
  22  3:23  Drone x7  
  27  3:28  Extractor  
  23  3:41  Zergling x6  
  26  3:56  Drone x3  
  26  4:00  Zergling x2  
  26  4:01  Zergling x6  
  33  4:09  Drone  
  34  4:33  Zergling x2  
  34  4:34  Zergling x20  
  43  4:44  Drone x3  
  46  4:53  Drone x3  
  46  4:59  Extractor  
  45  5:35  Drone x3  
Show
View Real Time Build Order
Export as new Build Order

SidMeier Protoss - Winner!

Build Orders: Dark Templar Rush 

Get SALT Encoding   

  12  0:00  Probe  
  13  0:12  Probe  
  14  0:19  Pylon  
  14  0:24  Probe  
  15  0:37  Probe (Chrono Boost)  
  15  0:40  Gateway  
  16  0:45  Assimilator  
  16  0:49  Probe (Chrono Boost)  
  17  0:53  Probe (Chrono Boost)  
  18  1:02  Gateway  
  18  1:05  Probe  
  19  1:27  Cybernetics Core  
  19  1:46  Nexus  
  19  1:49  Pylon  
  19  2:01  Adept x2 (Chrono Boost)  
  19  2:07  Warp Gate  
  23  2:11  Probe  
  24  2:22  Assimilator  
  24  2:23  Probe  
  24  2:28  Stalker  
  27  2:36  Probe  
  28  2:50  Probe  
  29  3:02  Probe  
  29  3:03  Probe, Twilight Council  
  31  3:14  Probe  
  31  3:15  Probe  
  34  3:27  Probe x2 (Chrono Boost)  
  35  3:38  Pylon, Probe x2 (Chrono Boost)  
  35  3:40  Dark Shrine  
  35  3:43  Probe x2 (Chrono Boost)  
  37  3:54  Probe x2  
  39  4:06  Pylon, Probe x2  
  39  4:08  Nexus  
  41  4:18  Probe x2  
  41  4:22  Shield Battery  
  43  4:30  Adept x2  
  47  4:36  Shield Battery  
  47  4:38  Probe x2  
  49  4:41  Assimilator  
  49  4:42  Assimilator  
  49  4:50  Pylon, Probe x2  
  51  4:52  Dark Templar x2  
  51  4:57  Robotics Facility  
  55  5:02  Probe x2  
  57  5:09  Gateway  
  57  5:10  Gateway  
  57  5:14  Shield Battery  
  57  5:18  Shield Battery  
  57  5:19  Pylon  
  57  5:20  Probe  
  57  5:21  Probe  
  59  5:26  Pylon  
  59  5:37  Probe x2 (Chrono Boost)  
  59  5:38  Probe (Chrono Boost)  
  66  5:50  Forge  
  66  5:51  Forge  
Tags
 
Add a new tag
Caveats
  • Supply blocks, unpowered buildings, or Contaminate may cause inaccurate times.
  • Supply counts are checked every 10 seconds.